 Seeded DCSS version 0.30-a0-862-g1aabd4f9c5 (webtiles) character file.

Game seed: 8796237800415217726 (custom seed)

4937 BigDaddyOpFi the Magician (level 10, 0/54 (56) HPs)
             Began as a Deep Elf Earth Elementalist on Mar 9, 2023.
             Was a Believer of Vehumet.
             Slain by an orc warrior
             ... wielding a +0 halberd
              (17 damage)
             ... in a bailey.
             The game lasted 00:11:36 (8799 turns).

BigDaddyOpFi the Magician (DEEE)                    Turns: 8799, Time: 00:11:37

HP:   0/54 (56)     AC:  8    Str:  7    XL:     10   Next: 28%
MP:   15/22         EV: 15    Int: 23    God:    Vehumet [**....]
Gold: 554           SH:  0    Dex: 15    Spells: 14/23 levels left

rFire   + + .      SeeInvis +    d - +8 lance "Wyrmbane" {slay drac, rPois rF+ rC+ AC+3}
rCold   + . .      Faith    .    (no shield)
rNeg    . . .      Spirit   .    a - +0 robe
rPois   +          Reflect  .    (no helmet)
rElec   .          Rampage  .    t - +2 cloak of the Thief {*Fog Slay-2 SInv Stlth+}
rCorr   .                        (no gloves)
Will    +....                    (no boots)
Stlth   ++++                     j - amulet of regeneration
HPRegen 1.09/turn                y - ring of poison resistance
MPRegen 0.18/turn                D - ring of protection from fire

@: lightly drained
A: no striking features
a: Renounce Religion


You were in a bailey.
You worshipped Vehumet.
Vehumet was pleased with you.
You visited 2 branches of the dungeon, and saw 10 of its levels.
You also visited: Bailey.

You collected 1572 gold pieces.
You spent 1018 gold pieces at shops.

Inventory:

Hand Weapons
 d - the +8 lance "Wyrmbane" (weapon) {slay drac, rPois rF+ rC+ AC+3}
   (You acquired it on level 1 of the Dungeon)

   AC:        It affects your AC (+3).
   rF:        It protects you from fire.
   rC:        It protects you from cold.
   rPois:     It protects you from poison.
Armour
 a - a +0 robe (worn)
 c - the +1 cloak "Joruutewk" {Int+3}
   (You acquired it on level 1 of the Dungeon)

   Int:       It affects your intelligence (+3).
 t - the +2 cloak of the Thief (worn) {*Fog Slay-2 SInv Stlth+}
   (You bought it in a shop on level 2 of the Dungeon)

   *Fog:      It may release a thick cloud of smoke when the wearer is hurt.
   Slay:      It affects your accuracy & damage with ranged weapons and melee
   (-2).
   SInv:      It lets you see invisible.
   Stlth:     It makes you more stealthy.
Jewellery
 g - an amulet of guardian spirit
 j - an amulet of regeneration (around neck)
 y - a ring of poison resistance (left hand)
 D - a ring of protection from fire (right hand)
Wands
 v - a wand of paralysis (10)
 C - a wand of flame (43)
 H - a wand of polymorph (8)
Scrolls
 e - 2 scrolls of teleportation
 f - a scroll of blinking {unknown}
 l - 10 scrolls of identify
 m - 3 scrolls of noise
 o - a scroll of magic mapping {unknown}
 p - a scroll of immolation {unknown}
 q - a scroll of torment {unknown}
 r - 2 scrolls of vulnerability {unknown}
 u - a scroll of enchant weapon {unknown}
 w - 2 scrolls of poison {unknown}
 x - 3 scrolls of enchant armour {unknown}
 A - a scroll of summoning {unknown}
 E - 4 scrolls of fear {unknown}
Potions
 b - a potion of magic
 h - 2 potions of attraction {unknown}
 i - 2 potions of lignification {unknown}
 k - 3 potions of invisibility {unknown}
 n - a potion of mutation {unknown}
 s - 4 potions of brilliance {unknown}
 z - a potion of degeneration {unknown}
 B - a potion of haste {unknown}
 F - a potion of might
 G - a potion of curing
 I - a potion of ambrosia {unknown}


   Skills:
 + Level 3.6 Fighting
 * Level 4.8 Polearms
 + Level 6.4 Dodging
 + Level 6.9 Stealth
 + Level 7.1 Spellcasting
 + Level 6.9 Conjurations
 + Level 5.3 Transmutations
 + Level 1.1 Fire Magic
 + Level 1.1 Air Magic
 - Level 6.1 Earth Magic


You had 14 spell levels left.
You knew the following spells:

 Your Spells              Type           Power      Damage    Failure   Level
a - Sandblast             Erth           72%        2d16      1%          1
b - Stone Arrow           Conj/Erth      76%        3d11      1%          3
c - Ignite Poison         Fire/Tmut/Pois 18%        N/A       10%         3
d - Kiss of Death         Conj/Necr      96%        2d12      1%          1
e - Shock                 Conj/Air       100%       1d9       1%          1

Your spell library contained the following spells:

 Spells                   Type           Power      Damage    Failure   Level
 Magic Dart               Conj           100%       1d8       1%          1
 Passwall                 Tmut/Erth      28%        N/A       1%          2
 Petrify                  Tmut/Erth      34%        N/A       7%          4
 Mephitic Cloud           Conj/Pois/Air  20%        N/A       8%          3
 Call Imp                 Summ           8%         N/A       12%         2
 Lesser Beckoning         Tloc           16%        N/A       12%         2
 Kindle Blastsparks       Fire/Tloc/Air  22%        2d11      17%         3
 Confusing Touch          Hex            8%         N/A       22%         3
 Gell's Gravitas          Tloc           8%         N/A       22%         3
 Teleport Other           Tloc           8%         N/A       22%         3
 Animate Armour           Summ/Erth      44%        N/A       22%         4
 Freezing Cloud           Conj/Ice/Air   10%        6-21      56%         5
 Dispel Undead            Necr           8%         3d8       58%         4
 Lehudib's Crystal Spear  Conj/Erth      19%        10d6      100%        8


Dungeon Overview and Level Annotations

Branches:
Dungeon (9/15)             Temple (1/1) D:6            Lair (0/5) D:8
 Bailey (1/1)
    Orc: D:9-12

Altars:
Ashenzari
Cheibriados
Dithmenos
Gozag
Hepliaklqana
Makhleb
Okawaru
Vehumet
Xom
Yredelemnul

Shops:
D:1 :   D:2 *   D:5 (   D:9 (*:==


Message History

Press: ? - help, Shift-Dir - straight line, f - orc knight
Aim: an orc knight, wielding a +0 glaive and wearing a +0 chain mail (wandering, hasn't noticed you, 71% to hit)
The stone arrow hits the orc knight!
The orc knight is lightly wounded.
The orc knight shouts!
You hear a shout! x4
An orc warrior comes into view. It is wielding a +0 halberd.
An orc warrior comes into view. It is wielding a +0 trident.
The orc knight roars a battlecry!
The orc warriors go into a battle-frenzy!
Casting: Stone Arrow (safe; 1% risk of failure)
Confirm with . or Enter, or press ? or * to list all spells.
Aiming: Stone Arrow (safe; 1% risk of failure)
Press: ? - help, Shift-Dir - straight line, f/p - orc knight
Aim: an orc knight, wielding a +0 glaive and wearing a +0 chain mail (lightly wounded, 71% to hit)
The stone arrow hits the orc knight!
The orc knight is moderately wounded.
The orc knight misses you.
Casting: Stone Arrow (safe; 1% risk of failure)
Confirm with . or Enter, or press ? or * to list all spells.
Aiming: Stone Arrow (safe; 1% risk of failure)
Press: ? - help, Shift-Dir - straight line, f/p - orc knight
Aim: an orc knight, wielding a +0 glaive and wearing a +0 chain mail (moderately wounded, 71% to hit)
The stone arrow hits the orc knight!
The orc knight is moderately wounded.
The orc warrior closely misses you. The orc knight barely misses you.
The orc warrior closely misses you.
The orc knight hits you with a +0 glaive.
You closely miss the orc knight.
The orc knight is moderately wounded.
You hit the orc knight. Your punch misses the orc knight.
The orc knight is heavily wounded.
The orc warrior hits you from afar with a +0 halberd!!
The orc warrior hits you with a +0 trident!
* * * LOW HITPOINT WARNING * * *
With a swish of your cloak, you release a cloud of fog.
The orc knight hits you with a +0 glaive.
* * * LOW HITPOINT WARNING * * *
You feel better.
The orc warrior hits you from afar with a +0 halberd!
You die...

##.♣..≈≈≈≈♣..# .####
###.....≈≈≈≈...# ....
♣♣♣....♣..≈≈≈≈.♣.##).o
♣♣.........≈ ≈....#..#
♣.........######...#.8#
♣..∩......§§...)...#..#
♣........§.§.§o....'..#
♣.........§§o§.....'..#
♣..∩.......§@o.....#.)#
♣.........######...#.8#
♣♣......♣..≈≈ ≈....#..#
♣♣♣...♣♣..≈≈≈≈...##...
###.....≈≈≈≈...# ....
####..≈≈≈≈≈..# .####
#...≈≈≈≈..# ##


You could see an orc knight and 2 orc warriors.

Vanquished Creatures
  A rime drake (D:8)
  A polar bear (D:8)
  3 yaks (D:9)
  A steam dragon (D:9)
  A water moccasin (D:7)
  4 ice beasts
  A sky beast (D:7)
  2 black bears
  3 orc warriors
  2 ogres
  A wolf (D:8)
  4 centaurs
  A kobold brigand (D:8)
  A bullfrog (D:8)
  A gnoll sergeant (D:8)
  2 scorpions
  7 wights
  9 killer bees
  3 howler monkeys
  7 jellies
  2 hounds
  2 gnoll boudas
  6 orc priests
  2 iguanas (D:6)
  2 sleepcaps (D:6)
  7 orc wizards
  13 gnolls
  8 adders
  A shadow imp (D:5)
  2 ufetubi
  A worm (D:2)
  32 orcs
  9 endoplasms
  6 giant cockroaches
  5 hobgoblins
  11 jackals
  3 quokkas
  4 ball pythons
  5 bats
  8 goblins
  8 kobolds
  5 rats
197 creatures vanquished.

Vanquished Creatures (others)
  A plant (D:9)
1 creature vanquished.

Grand Total: 198 creatures vanquished

Notes
Turn   | Place    | Note
-------+----------+-------------------------------------------
     0 | D:1      | BigDaddyOpFi the Deep Elf Earth Elementalist began the
                  | quest for the Orb.
     0 | D:1      | Reached XP level 1. HP: 10/10 MP: 6/6
    12 | D:1      | Found Veoliky's Book Emporium.
    28 | D:1      | Identified 3 scrolls of acquirement
    28 | D:1      | Acquired the +8 lance "Wyrmbane" {slay drac, rPois rF+ rC+
                  | AC+3}
    28 | D:1      | Found the +8 lance "Wyrmbane" {slay drac, rPois rF+ rC+
                  | AC+3}
    31 | D:1      | Acquired 1081 gold pieces
    33 | D:1      | Acquired the +1 cloak "Joruutewk" {Int+3}
   277 | D:1      | Reached XP level 2. HP: 15/15 MP: 6/8
   692 | D:2      | Reached XP level 3. HP: 19/19 MP: 9/9
   750 | D:2      | Found a faded altar of an unknown god.
   991 | D:2      | Reached XP level 4. HP: 24/24 MP: 8/11
  1172 | D:2      | Found Fuiquv's Assorted Antiques.
  1181 | D:2      | Bought the +2 cloak of the Thief {*Fog Slay-2 SInv Stlth+}
                  | for 442 gold pieces
  1181 | D:2      | Found the +2 cloak of the Thief {*Fog Slay-2 SInv Stlth+}
  1398 | D:2      | Identified the +4 hand axe "Fumm" {freeze, *Rage Dex+4}
  1714 | D:3      | Learned a level 3 spell: Stone Arrow
  2344 | D:4      | Reached skill level 4 in Spellcasting
  2344 | D:4      | Reached XP level 5. HP: 23/28 MP: 7/13
  2355 | D:4      | Reached skill level 1 in Conjurations
  2358 | D:4      | Reached skill level 1 in Polearms
  2776 | D:4      | Reached XP level 6. HP: 33/33 MP: 14/14
  2876 | D:5      | Entered Level 5 of the Dungeon
  2999 | D:5      | Found Zunkiod's Weapon Emporium.
  3045 | D:5      | Reached skill level 1 in Fighting
  3305 | D:5      | Reached XP level 7. HP: 38/38 MP: 11/15
  4351 | D:6      | Reached skill level 5 in Spellcasting
  4536 | D:6      | Found a staircase to the Ecumenical Temple.
  4542 | D:6      | Reached XP level 8. HP: 39/44 MP: 4/17
  4569 | Temple   | Entered the Ecumenical Temple
  4575 | Temple   | Became a worshipper of Vehumet
  4942 | D:6      | Reached skill level 5 in Stealth
  5208 | D:6      | Reached skill level 5 in Earth Magic
  5416 | D:6      | Reached skill level 5 in Dodging
  5890 | D:7      | Reached skill level 5 in Conjurations
  6316 | D:7      | Reached XP level 9. HP: 49/49 MP: 4/19
  6320 | D:7      | Learned a level 3 spell: Ignite Poison
  6568 | D:7      | Reached skill level 6 in Spellcasting
  7123 | D:8      | Reached * piety under Vehumet
  7123 | D:8      | Offered knowledge of Freeze by Vehumet.
  7131 | D:8      | Learned a level 1 spell: Kiss of Death
  7226 | D:8      | Noticed a polar bear
  7228 | D:8      | Noticed a rime drake
  7241 | D:8      | Killed a polar bear
  7244 | D:8      | Killed a rime drake
  7364 | D:8      | Reached skill level 5 in Transmutations
  7411 | D:8      | Found a staircase to the Lair.
  7591 | D:8      | Reached XP level 10. HP: 56/56 MP: 19/22
  8083 | D:9      | Reached ** piety under Vehumet
  8083 | D:9      | Offered knowledge of Shock by Vehumet.
  8087 | D:9      | Learned a level 1 spell: Shock
  8110 | D:9      | Found Gokaos's Book Shop.
  8118 | D:9      | Bought a book of Armaments for 576 gold pieces
  8215 | D:9      | Found Tici Jal's Jewellery Shoppe.
  8247 | D:9      | Noticed a two-headed ogre
  8248 | D:9      | Reached skill level 7 in Spellcasting
  8372 | D:9      | Found Plog's Assorted Antiques.
  8407 | D:9      | Found Humoutoe's Hydra Hut.
  8408 | D:9      | Noticed an eight-headed hydra
  8451 | D:9      | Found Rosap's Jewellery Shoppe.
  8455 | D:9      | Found a flagged portal.
  8468 | D:9      | Reached skill level 1 in Fire Magic
  8468 | D:9      | Reached skill level 1 in Air Magic
  8493 | Bailey   | Entered a bailey
  8786 | Bailey   | Noticed an orc knight
  8799 | Bailey   | Slain by an orc warrior

Illustrated notes

Levels and vault maps discovered:
D:1:      heliophobic_arrival_henge, layout_rooms, serial_shops, shop_statue
D:2:      layout_basic, serial_shops, nicolae_lakefront_shop,
          ebering_ecumenical_altar_ruins
D:3:      layout_basic
D:4:      layout_rooms, kennysheep_generic_room_4
D:5:      layout_loops_corners, serial_shops, nicolae_shop_behind_doors
D:6:      layout_layer_cave, minmay_temple_entry_arrows, chequers_avenue
D:7:      layout_rooms, serial_aquarium, aquarium_bridge_straight
          [aquarium_subvault_bridge, aquarium_subvault_wall,
          aquarium_subvault_bridge, aquarium_subvault_window],
          aquarium_window_corridor_1, aquarium_window_1, aquarium_window_fake,
          aquarium_window_1, aquarium_view_2c, aquarium_view_2b,
          aquarium_balcony_3b, aquarium_pool_2
D:8:      layout_loops_ring, hellmonk_lair_entry_icy
D:9:      layout_irregular_city, nicolae_overflow_squiral, enter_bailey_3,
          serial_shops, shop, shop, nicolae_shop_window_shopping,
          nicolae_shop_hallway_stairs, shop, doesnt_shop_hydraphobe
Temple:   nicolae_temple_bog_church
Bailey:   bailey_polearm_elven_captive_hellmonk, bailey

Skill      XL: |  1  2  3  4  5  6  7  8  9 10 |
---------------+-------------------------------+-----
Stealth        | 3 4 5 6 |  6.9
Dodging        | 3 4 5 6 |  6.4
Transmutations | 2 3 4 5 |  5.3
Earth Magic    | 4 5 6 |  6.1
Spellcasting   | 4 5 6 7 |  7.1
Conjurations   | 1 2 3 5 6 |  6.9
Polearms       | 1 2 3 4 |  4.8
Fighting       | 1 2 3 |  3.6
Fire Magic     | 1 |  1.1
Air Magic      | 1 |  1.1

Action                     |  1- 3 |  4- 6 |  7- 9 | 10-12 || total
---------------------------+-------+-------+-------+-------++-------
  Melee: Lance             |    40 |    69 |   113 |    58 ||   280
         Punch             |       |       |       |     2 ||     2
   Cast: Sandblast         |    19 |    49 |    55 |     3 ||   126
         Stone Arrow       |       |       |    74 |    28 ||   102
         Kiss of Death     |       |       |     1 |       ||     1
         Shock             |       |       |       |     7 ||     7
    Use: Scroll            |     3 |       |     1 |     2 ||     6
         Potion            |       |       |     6 |     3 ||     9
   Stab: Sleeping          |     5 |     1 |     4 |     1 ||    11
         Distracted        |       |     1 |       |       ||     1
 Armour: Robe              |    12 |    51 |    52 |    53 ||   168
  Dodge: Dodged            |    22 |   101 |   192 |   140 ||   455

Table legend: (Time is in decaauts)
 A = Elapsed time spent in this place.
 B = Non-inter-level travel time spent in this place.
 C = Inter-level travel time spent in this place.
 D = Time resting spent in this place.
 E = Time spent auto-exploring this place.
 F = Levels seen in this place.
 G = Mean time per level.
                   A        B        C        D        E       F      G
               +--------+--------+--------+--------+--------+-----+--------+
         Total |   8891 |   8629 |    262 |   1149 |   5962 |  11 |  808.3 |
       Dungeon |   8571 |   8309 |    262 |    881 |   5962 |   9 |  952.3 |
        Temple |     14 |     14 |      0 |      0 |      0 |   1 |   14.0 |
        Bailey |    305 |    305 |      0 |    268 |      0 |   1 |  305.0 |
               +--------+--------+--------+--------+--------+-----+--------+

Top non-repeatable levels by time:
     D:6: 1824 daAuts
     D:8: 1340 daAuts
     D:2: 1089 daAuts
     D:5: 1069 daAuts
     D:7: 1008 daAuts
     D:4: 792 daAuts
     D:1: 586 daAuts
     D:3: 442 daAuts
     D:9: 418 daAuts
  Bailey: 305 daAuts
  Temple: 14 daAuts
